 Dungeon Crawl Stone Soup version 0.25-a0-353-ged6d547 (webtiles) character file.

Game seed: 6359931604959263295, levelgen mode: deterministic

106 Birdy the Cutter (level 4, -4/23 HPs)
             Began as a Vine Stalker Gladiator on Jan 2, 2020.
             Killed by divine providence
             ... invoked by an orc priest
              (9 damage)
             ... on level 3 of the Dungeon.
             The game lasted 00:04:35 (1405 turns).

Birdy the Cutter (Vine Stalker Gladiator)           Turns: 1405, Time: 00:04:36

Health: -4/23      AC:  6    Str: 13 (16) XL:     4   Next: 84%
Magic:  0/5        EV: 13    Int:  6 (8)  God:
Gold:   81         SH:  0    Dex: 14 (17) Spells: 3/3 levels left

rFire    . . .     SeeInvis +   a - +0 rapier
rCold    . . .     Gourm    .   (no shield)
rNeg     . . .     Faith    .   b - +1 leather armour
rPois    .         Spirit   +   c - +0 helmet
rElec    .         Reflect  .   h - +0 cloak
rCorr    .         Harm     .   (no gloves)
MR       .....                  (no boots)
Stlth    ++........             (no amulet)
HPRegen  0.47/turn              o - ring of see invisible
MPRegen  0.09/turn              (no ring)

@: no status effects
A: fangs 2, regeneration 1, magic shield, antimagic bite, no potion heal 3, rot
immunity
a: no special abilities


You were on level 3 of the Dungeon.
You were not hungry.

You visited 1 branch of the dungeon, and saw 3 of its levels.

You collected 81 gold pieces.

Inventory:

Hand Weapons
 a - a +0 rapier (weapon)
 m - a +4 hand axe of pain
Missiles
 d - 3 throwing nets (quivered)
Armour
 b - a +1 leather armour (worn)
 c - a +0 helmet (worn)
 h - a +0 cloak (worn)
Jewellery
 o - a ring of see invisible (left hand)
Wands
 i - a wand of digging (5)
Scrolls
 e - 2 scrolls of amnesia {unknown}
 g - a scroll of blinking {unknown}
 j - a scroll of enchant armour
 l - a scroll of teleportation {unknown}
 n - a scroll of identify {unknown}
Comestibles
 f - 2 rations
 k - a chunk of flesh


   Skills:
 + Level 2.5 Fighting
 + Level 3.2 Short Blades
 - Level 1.7 Throwing
 + Level 1.2 Armour
 + Level 2.9 Dodging
 + Level 2.2 Stealth


You had 3 spell levels left.
You didn't know any spells.
Your spell library was empty.

Dungeon Overview and Level Annotations

Branches:
Dungeon (3/15)

Altars:
Makhleb

Annotations:
D:3 Grinder


Innate Abilities, Weirdness & Mutations

You have extremely sharp teeth.
Your natural rate of healing is unusually fast.
When hurt, damage is shared between your health and your magic reserves.
Your bite disrupts and absorbs the magic of your enemies.
Potions cannot restore your health.
You are immune to rotting.


Message History

Unknown command.
You aren't carrying any potions.
Unknown command.
The bat hits you but does no damage. The bat closely misses you.
Grinder zaps a wand.
The puff of flame misses you. The bat closely misses you.
Grinder says, "My boss said I was rubbish.
His entrails said otherwise."
Grinder hits you.
You writhe in agony.
An orc comes into view. It is wielding a +0 flail.
The bat closely misses you.
Grinder zaps a wand.
The puff of flame hits you.
* * * LOW HITPOINT WARNING * * *
An orc comes into view.
The orc shouts! x2; You hear a shout! x2
The bat misses you.
An orc and an orc priest come into view.
The orc shouts!
The orc priest shouts!
The bat hits you but does no damage.
The orc priest calls down the wrath of Beogh upon you.
Beogh smites you!
You die...

##........# ....<....##
#........# #....K..#
#......# ##.....#
#####......#
.######.b.5......#
o.oo...@####.....#
o######## #.....# ###.....#
####.......#######
#....###.........# ..
#....# #.........# ..
###....# #.........# #.#
.......###.........#
###..#####........†.......#


You could see Grinder, an orc priest, 3 orcs and a bat.

Vanquished Creatures
  Terence (D:2)
  2 adders
  An ooze (D:3)
  2 worms (D:2)
  A dart slug (D:2)
  2 leopard geckos (D:2)
  2 orcs (D:2)
  5 bats
  A giant cockroach (D:1)
  3 goblins
  8 hobgoblins
  3 kobolds (D:1)
  3 quokkas
  5 frilled lizards
  7 rats
46 creatures vanquished.

Notes
Turn   | Place    | Note
-------+----------+-------------------------------------------
     0 | D:1      | Birdy the Vine Stalker Gladiator began the quest for the
                  | Orb.
     0 | D:1      | Reached XP level 1. HP: 11/11 MP: 2/2
   264 | D:1      | Reached XP level 2. HP: 15/15 MP: 3/3
   366 | D:1      | Reached skill level 1 in Stealth
   675 | D:2      | Reached XP level 3. HP: 16/18 MP: 4/4
   696 | D:2      | Reached skill level 3 in Short Blades
   787 | D:2      | Found a burning altar of Makhleb.
   885 | D:2      | Found a faded altar of an unknown god.
   887 | D:2      | Noticed Terence
   919 | D:2      | Killed Terence
   919 | D:2      | Reached skill level 1 in Armour
   919 | D:2      | Gained mutation: Your natural rate of healing is unusually
                  | fast. [Vine Stalker growth]
   919 | D:2      | Reached XP level 4. HP: 4/23 MP: 2/5
  1397 | D:3      | Noticed Grinder
  1405 | D:3      | Killed from afar by an orc priest

Levels and vault maps discovered:
D:1:      ebering_hopf_link, layout_loops_ring, kennysheep_doodads
D:2:      layout_basic, nicolae_overflow_crystal_walls,
          chequers_ecumenical_altar_simple, uniq_terence
D:3:      layout_rooms, vehumet_crystals, uniq_grinder

Skill      XL: |  1  2  3  4 |
---------------+-------------+-----
Fighting       | 2 |  2.5
Stealth        | 1 2 |  2.2
Short Blades   | 3 |  3.2
Armour         | 1 |  1.2
Throwing       | |  1.7
Dodging        | |  2.9

Action                   |  1- 3 |  4- 6 || total
-------------------------+-------+-------++-------
Melee: Rapier            |   101 |    62 ||   163
       Bite              |    22 |    15 ||    37
  Use: Scroll            |     2 |       ||     2
       Potion            |     2 |     1 ||     3
 Stab: Sleeping          |     1 |       ||     1
  Eat: Chunk             |       |     2 ||     2
Armor: Leather armour    |    25 |    22 ||    47
       Skin              |     8 |       ||     8
Dodge: Dodged            |    67 |    44 ||   111

Table legend:
 A = Non-vault XP
 B = Vault XP
 C = Vault XP percentage of total XP
 D = Non-vault monster count
 E = Vault monster count
 F = Vault count percentage of total count
                 A         B        C        D         E       F
            +---------+---------+-------+---------+---------+-------
      Total |     116 |      36 |  23.7 |      45 |       1 |   2.2
            +---------+---------+-------+---------+---------+-------
        D:1 |      26 |       0 |   0.0 |      16 |       0 |   0.0
        D:2 |      60 |      36 |  37.5 |      22 |       1 |   4.3
        D:3 |      30 |       0 |   0.0 |       7 |       0 |   0.0
            +---------+---------+-------+---------+---------+-------
